 Dungeon Crawl Stone Soup version 0.16.1-16-gc44b35d (webtiles) character file.

7009 Trafet the Brawler (level 10, -2/81 HPs)
             Began as a Troll Wizard on Apr 18, 2015.
             Was a High Priest of Makhleb.
             Slain by a deep elf knight
             ... wielding a +0 short sword
              (14 damage)
             ... in a bailey.
             The game lasted 00:31:33 (9270 turns).

Trafet the Brawler (Troll Wizard)                   Turns: 9270, Time: 00:31:34

Health: -2/81      AC:  9    Str: 14 (17) XL:     10   Next: 82%
Magic:  10/10      EV:  9    Int: 17      God:    Makhleb [*****.]
Gold:   473        SH:  0    Dex:  8      Spells: 3 memorised, 8 levels left

rFire  . . .     SeeInvis .       - Unarmed
rCold  x . .     Clarity  +     x - +0 robe (curse)
rNeg   + . .     SustAb   .     (shield restricted)
rPois  +         Gourm    +     b - +1 hat
rElec  .         Spirit   .     M - +2 cloak
rCorr  .         Warding  .     (gloves unavailable)
rMut   .         Stasis   .     (boots unavailable)
MR     .....                    p - amulet of clarity
Stlth  +.........               (no ring)
                                u - ring of Veuripn {rPois rC- rN+ Stlth+}

@: silence, very slightly contaminated, hasted, repel missiles, very quick, not
resistant to hostile enchantments, very unstealthy
A: unfitting armour, claws 3, fast metabolism 3, gourmand, regeneration 2,
shaggy fur 1, tough skin 2
a: Renounce Religion


You were in a bailey.
You worshipped Makhleb.
Makhleb was extremely pleased with you.
You were very full.

You visited 2 branches of the dungeon, and saw 11 of its levels.
You also visited: Bailey.

You collected 473 gold pieces.

Inventory:

Armour
 a - a +0 robe
 b - a +1 hat (worn)
 x - a cursed +0 robe (worn)
 M - a +2 cloak (worn)
Jewellery
 p - an amulet of clarity (around neck)
 u - the ring of Veuripn (left claw) {rPois rC- rN+ Stlth+}
   (You found it on level 4 of the Dungeon)

   [ring of poison resistance]

   It makes you vulnerable to cold.
   It protects you from poison.
   It protects you from negative energy.
   It makes you more stealthy.
 A - a +3 ring of dexterity {unknown}
 K - an uncursed amulet of rage {unknown}
Magical devices
 l - a wand of lightning (5)
 v - a wand of frost (26)
 C - a wand of confusion (19)
 H - a wand of confusion (16)
 I - a wand of digging (12)
Scrolls
 f - 2 scrolls of silence
 j - 2 scrolls of blinking
 o - 9 scrolls of identify
 q - a scroll of enchant weapon
 y - 3 scrolls of vulnerability {unknown}
 B - a scroll of noise
 D - a scroll of acquirement {unknown}
 E - a scroll of magic mapping
Potions
 e - 2 potions of restore abilities
 k - a potion of haste
 n - 2 potions of lignification {unknown}
 r - 2 potions of flight {unknown}
 s - 7 potions of curing {unknown}
 w - a potion of berserk rage {unknown}
 z - a potion of might {unknown}
 F - a potion of magic {unknown}
 L - a potion of cure mutation {unknown}
Books
 c - a book of Minor Magic

   Spells                             Type                      Level
   a - Magic Dart                     Conjuration                  1
   b - Blink                          Translocation                2
   c - Call Imp                       Summoning                    2
   d - Repel Missiles                 Charms/Air                   2
   e - Slow                           Hexes                        2
   f - Conjure Flame                  Conjuration/Fire             3
   g - Mephitic Cloud                 Conjuration/Poison/Air       3
Comestibles
 d - 7 meat rations
 g - 7 bread rations
 h - 6 fruits
 m - 3 beef jerkies
 t - 2 chunks of flesh
 G - 2 slices of pizza
 J - a royal jelly


   Skills:
 - Level 1.5 Dodging
 - Level 1.1 Stealth
 + Level 15.6 Unarmed Combat
 - Level 2.0 Spellcasting
 - Level 0.6 Conjurations
   Level 0.6 Summonings
 - Level 0.6 Translocations


You had 8 spell levels left.
You knew the following spells:

 Your Spells              Type           Power        Failure   Level  Hunger
a - Magic Dart            Conj           #...         17%         1    #......
b - Blink                 Tloc           N/A          24%         2    ###....
c - Repel Missiles        Chrm/Air       #.....       30%         2    ###....


Dungeon Overview and Level Annotations

Branches:
Dungeon (10/15)            Temple (1/1) D:5
   Lair: D:8-11         Orc: D:9-12

Altars:
Ashenzari
Cheibriados
Dithmenos
Elyvilon
Fedhas
Gozag
Kikubaaqudgha
Makhleb
Nemelex Xobeh
Okawaru
Qazlal
Ru
Sif Muna
Trog
Vehumet
Xom
Yredelemnul
Zin
The Shining One

Shops:
D:5 [:*


Innate Abilities, Weirdness & Mutations

You are too large for most types of armour.
You have claws for hands.
Your metabolism is lightning-fast.
You like to eat raw meat.
You heal very quickly.
You are covered in fur (AC +1).
You have very tough skin (AC +2).


Message History

The deep elf knight hits you with a short sword!
* * * LOW HITPOINT WARNING * * *
You are too injured to fight recklessly!
You are too injured to fight recklessly!
Drink which item? (? for menu, Esc to quit)
Okay, then.
Read which item? (? for menu, Esc to quit)
Okay, then.
Drink which item? (? for menu, Esc to quit)
Okay, then.
Use which ability? (? or * to list)
Okay, then.
Drink which item? (? for menu, Esc to quit)
Okay, then.
You barely miss the deep elf knight.
The deep elf knight is moderately wounded.
You barely miss the deep elf knight.
The deep elf knight is moderately wounded.
The deep elf knight hits you with a short sword!
You die...

#..∩..##..##
#.....#..).#
##...##....#
.######'##..##
##...###...######
#.....#.....##..##
#.....#..∩..#....#
#.....#.....#....#
#....#....###.@##
#####)##### #e##
##....#....###..##
#.....#.....#....#
#.....#.e...#....#
#.....#.....##..##
###...###...##'###
#.)###'#####..##
....##...##....#


You could see a deep elf knight (bleeding).

Vanquished Creatures
  Erolcha (D:8)
  The ghost of Trafet the Ducker, an experienced DgWz (D:6)
  Maurice (D:9)
  Joseph (D:7)
  A deep elf priest (Bailey)
  The ghost of Zwobot the Cutter, an average HuCK of Xom (D:4)
  A deep elf mage (Bailey)
  A wraith (D:9)
  A hippogriff (D:9)
  3 deep elf fighters (Bailey)
  A hungry ghost (D:6)
  A phantom (D:4)
  3 orc warriors
  2 sky beasts
  2 black bears
  A wasp (D:7)
  An ice beast (D:9)
  5 centaurs
  An ogre (D:4)
  An eye of draining (D:8)
  A crocodile (D:8)
  The ghost of Typee the Grave Robber, an average DENe (D:3)
  2 giant frogs
  2 big kobolds
  5 wights (D:7)
  5 scorpions
  4 hounds
  A quasit (D:8)
  2 crimson imps
  3 iguanas
  2 jellies (D:5)
  A giant frog skeleton (D:4)
  A giant frog zombie (D:8)
  A centaur skeleton (D:4)
  5 orc priests
  14 orc wizards
  5 worker ants
  3 killer bee zombies
  A hound zombie (D:8)
  A hound skeleton (D:8)
  9 adders
  7 gnolls
  A giant mite (D:7)
  3 worms
  2 adder skeletons
  7 giant geckos
  43 orcs
  11 bats
  A bat skeleton (D:7)
  17 goblins
  15 hobgoblins
  26 jackals
  40 kobolds
  2 ball pythons
  4 giant cockroaches
  A giant gecko skeleton (D:6)
  6 giant newts
  2 giant spores
  A quokka (D:3)
  9 rats
  17 ballistomycetes (D:6)
  4 plants (D:6)
318 creatures vanquished.

Notes
Turn   | Place    | Note
--------------------------------------------------------------
     0 | D:1      | Trafet, the Troll Wizard, began the quest for the Orb.
     0 | D:1      | Reached XP level 1. HP: 16/16 MP: 3/3
    80 | D:1      | Reached skill level 1 in Unarmed Combat
   133 | D:1      | Reached XP level 2. HP: 24/24 MP: 3/3
   679 | D:1      | Reached XP level 3. HP: 18/31 MP: 5/5
   735 | D:2      | Reached skill level 3 in Unarmed Combat
   999 | D:2      | Reached XP level 4. HP: 27/39 MP: 5/5
  1064 | D:2      | Found a shattered altar of Ashenzari.
  1187 | D:3      | Reached skill level 4 in Unarmed Combat
  1346 | D:3      | Reached XP level 5. HP: 43/45 MP: 6/6
  1460 | D:3      | Reached skill level 5 in Unarmed Combat
  1529 | D:3      | Noticed Typee's ghost (average DENe)
  1542 | D:3      | Killed Typee's ghost
  1948 | D:4      | Reached XP level 6. HP: 45/53 MP: 7/7
  1973 | D:4      | Reached skill level 6 in Unarmed Combat
  2171 | D:4      | Noticed a phantom
  2240 | D:4      | Killed a phantom
  2240 | D:4      | Reached skill level 7 in Unarmed Combat
  2329 | D:4      | Reached XP level 7. HP: 57/59 MP: 8/8
  2468 | D:4      | Noticed an ogre
  2475 | D:4      | Killed an ogre
  2516 | D:4      | Reached skill level 8 in Unarmed Combat
  2863 | D:4      | Got a pitted silver ring
  2866 | D:4      | Identified the ring of Veuripn {rPois rC- rN+ Stlth+} (You found it on level 4 of the Dungeon)
  2949 | D:4      | Noticed Zwobot's ghost (average HuCK)
  2959 | D:4      | Paralysed by Zwobot's ghost for 5 turns
  3025 | D:4      | Killed Zwobot's ghost
  3025 | D:4      | Reached skill level 9 in Unarmed Combat
  3025 | D:4      | Reached XP level 8. HP: 56/67 MP: 8/8
  3122 | D:5      | Entered Level 5 of the Dungeon
  3122 | D:5      | Found Reikhleupn's Armour Shop.
  3185 | D:5      | Found Bagrear's Assorted Antiques.
  3477 | D:5      | Found Daustraul's Book Emporium.
  3625 | D:5      | Reached skill level 10 in Unarmed Combat
  3632 | D:5      | Learned a level 2 spell: Blink
  3635 | D:5      | Learned a level 2 spell: Repel Missiles
  3732 | D:5      | Found a staircase to the Ecumenical Temple.
  3747 | Temple   | Entered the Ecumenical Temple
  3786 | Temple   | Became a worshipper of Makhleb the Destroyer
  4443 | D:6      | Noticed Trafet's ghost (experienced DgWz)
  4912 | D:5      | Acquired Makhleb's first power
  5185 | D:6      | Killed Trafet's ghost
  5185 | D:6      | Reached skill level 11 in Unarmed Combat
  5185 | D:6      | Reached XP level 9. HP: 35/74 MP: 9/9
  5319 | D:6      | Reached skill level 12 in Unarmed Combat
  5491 | D:6      | Acquired Makhleb's second power
  6267 | D:7      | Reached skill level 13 in Unarmed Combat
  6402 | D:7      | Acquired Makhleb's third power
  6412 | D:7      | Noticed Joseph
  6423 | D:7      | Killed Joseph
  7113 | D:7      | Reached XP level 10. HP: 81/81 MP: 10/10
  7285 | D:8      | Acquired Makhleb's fourth power
  7418 | D:8      | Reached skill level 14 in Unarmed Combat
  7575 | D:8      | Noticed Erolcha
  7588 | D:8      | Killed Erolcha
  8676 | D:9      | Reached skill level 15 in Unarmed Combat
  8730 | D:9      | Noticed Maurice
  8747 | D:9      | Killed Maurice
  8747 | D:9      | Acquired Makhleb's fifth power
  8921 | D:10     | Entered Level 10 of the Dungeon
  8977 | D:10     | Found a flagged portal.
  8994 | Bailey   | Entered a bailey
  9108 | Bailey   | Noticed a deep elf knight
  9270 | Bailey   | Slain by a deep elf knight

Action                   |  1- 3 |  4- 6 |  7- 9 | 10-12 || total
-------------------------+-------+-------+-------+-------++-------
Melee: Unarmed           |   153 |   192 |   554 |   209 ||  1108
 Cast: Repel Missiles    |       |       |     2 |     2 ||     4
       Magic Dart        |       |       |     1 |     1 ||     2
  Use: Scroll            |       |     5 |       |     9 ||    14
       Potion            |       |       |     2 |     5 ||     7
 Stab: Sleeping          |       |       |     4 |     2 ||     6
       Invisible         |       |       |     1 |       ||     1
  Eat: Chunk             |     6 |    12 |    53 |    18 ||    89
